AoeStats
← Gravlax

Nomad

509436325Analyzed
3v3 RM · 7d ago on Sep 26, 2026· 94m 41s· 6 players
Game mode
Random Map
Map size
210×210
Population
200
Speed
Normal
Resources
Standard
Victory
Conquest
Starting age
Dark Age
Ending age
Imperial Age
RankedLock teamsTeams togetherTeam positionsShared explorationLock speedFull tech treeHidden civsTurbo modeCheats
Victory
Defeat
1036
+14
🇺🇸 Franks · United States
1021
+15
🇨🇦 Khmer · Canada
1018
+36
🇵🇸 Wei · Palestinian Territories
1064
-17
🇸🇦 Franks · Saudi Arabia
975
-14
🇵🇸 Celts · Palestinian Territories
952
-13
Gravlax
9:34 Loom
17:27 Feudal Age
21:36 Castle Age
20:02 Gold Mining
20:51 Double-Bit Axe
21:11 Horse Collar
42 aldeanos fueron a lo del tano
10:54 Loom
13:13 Feudal Age
16:35 Wheelbarrow
20:16 Castle Age
18:09 Stone Mining
19:01 Double-Bit Axe
25:11 Arson
30:11 Pikeman
34:55 Imperial Age
34:37 Bow Saw
35:22 Scale Barding Armor
35:28 Forging
36:16 Conscription
37:03 Heavy Camel Rider
40:13 Gold Mining
40:59 Stone Shaft Mining
41:04 Fletching
42:05 Gold Shaft Mining
41:56 Elite Skirmisher
43:28 Hand Cart
44:01 Ballistics
43:22 Treadmill Crane
43:07 Crossbowman
43:55 Padded Archer Armor
45:31 Arbalester
47:22 Iron Casting
47:03 Leather Archer Armor
46:43 Bodkin Arrow
47:37 Thumb Ring
49:34 Chemistry
52:41 Husbandry
53:33 Chain Barding Armor
53:09 Bodkin Arrow
53:45 Ring Archer Armor
56:49 Plate Barding Armor
59:06 Light Cavalry
62:47 Bracer
66:19 Scale Mail Armor
66:26 Murder Holes
69:56 Hussar
84:53 Two-Man Saw
95:10 Logistica
Kin
13:31 Feudal Age
12:14 Loom
17:31 Castle Age
16:57 Double-Bit Axe
18:47 Stone Mining
19:18 Bow Saw
23:17 Gold Mining
26:06 Wheelbarrow
28:20 Gold Shaft Mining
28:02 Ordonnance Companies
29:03 Hand Cart
29:19 Fletching
29:31 Padded Archer Armor
30:46 Ballistics
30:24 Bodkin Arrow
32:50 Leather Archer Armor
35:47 Imperial Age
33:50 Town Watch
35:58 Heavy Mounted Crossbowman
35:58 Cranequins
36:48 Scale Barding Armor
36:43 Scale Mail Armor
37:13 Husbandry
36:41 Light Cavalry
37:57 Chain Barding Armor
38:39 Forging
39:48 Chemistry
38:58 Siege Engineers
39:46 Plate Barding Armor
39:14 Chivalry
39:35 Conscription
44:23 Iron Casting
45:19 Cavalier
47:14 Chain Mail Armor
48:03 Blast Furnace
46:25 Paladin
52:07 Caravan
58:32 Murder Holes
59:28 Pikeman
60:10 Squires
62:12 Town Patrol
69:14 Masonry
68:45 Treadmill Crane
69:16 Fortified Wall
68:56 Guard Tower
68:52 Arrowslits
83:29 Hoardings
89:18 Chain Mail Armor
88:33 Halberdier
xX SAVAGE Xx
3:33 Loom
16:07 Feudal Age
20:21 Castle Age
18:04 Fishing Lines
18:28 Double-Bit Axe
18:48 Gold Mining
19:41 Fletching
19:52 Padded Archer Armor
21:39 Wheelbarrow
21:25 Bow Saw
21:21 Horse Collar
23:47 Bodkin Arrow
24:46 Heavy Plow
25:29 Leather Archer Armor
27:20 Ballistics
35:58 Imperial Age
33:44 Hand Cart
35:12 Town Watch
36:01 Thumb Ring
38:03 Conscription
38:13 Bracer
38:43 Ring Archer Armor
39:16 Chemistry
39:17 Parthian Tactics
39:27 Gillnets
43:35 Scale Barding Armor
44:17 Ming Guang Armor
47:13 Tuntian
47:38 Chain Barding Armor
47:19 Scale Mail Armor
47:29 Forging
47:12 Elite Skirmisher
49:35 Chain Mail Armor
50:00 Elite Tiger Cavalry
53:04 Pikeman
53:44 Squires
53:29 Arson
54:43 Iron Casting
54:00 Halberdier
57:14 Blast Furnace
61:54 Heavy Hei Guang Cavalry
62:34 Husbandry
62:44 Bloodlines
78:33 Gold Shaft Mining
X-ALADDIN-X THE LIONHEART
7:06 Loom
17:37 Feudal Age
18:34 Fishing Lines
18:53 Double-Bit Axe
19:21 Double-Bit Axe
20:14 Stone Mining
22:54 Castle Age
21:46 Horse Collar
22:45 Forging
23:13 Light Cavalry
28:22 Bow Saw
29:55 Wheelbarrow
30:17 Scale Barding Armor
30:16 Pikeman
32:30 Hand Cart
32:29 Heavy Plow
35:15 Iron Casting
34:35 Fletching
38:52 Imperial Age
39:00 Imperial Age
37:06 Padded Archer Armor
37:03 Bodkin Arrow
38:40 Leather Archer Armor
39:03 Stronghold
39:26 Gold Mining
39:34 Cavalier
42:44 Blast Furnace
41:45 Scale Mail Armor
41:23 Hussar
42:45 Elite Skirmisher
46:02 Chemistry
47:19 Stone Shaft Mining
47:00 Halberdier
48:33 Chain Mail Armor
49:39 Gold Shaft Mining
53:49 Murder Holes
54:34 Furor Celtica
55:41 Plate Mail Armor
62:13 Capped Ram
64:03 Conscription
63:18 Siege Ram
72:41 Onager
Falcon86
3:28 Loom
17:28 Feudal Age
23:35 Castle Age
24:38 Forging
24:52 Pikeman
34:06 Double-Bit Axe
42:09 Wheelbarrow
46:02 Gold Mining
46:04 Stone Mining
48:51 Scale Barding Armor
51:48 Hand Cart
55:18 Imperial Age
54:06 Iron Casting
55:21 Halberdier
55:26 Cavalier
60:55 Blast Furnace
59:56 Scale Mail Armor
62:07 Murder Holes
63:13 Chemistry
62:33 Ballistics
76:50 Elite Throwing Axeman
77:50 Fishing Lines
83:29 Conscription
84:29 Bow Saw
Connection lost

Rejoining the realm…

Still unreachable

The connection could not be restored.

Session expired

The server has moved on; the page needs a fresh start.